 Dungeon Sprint DCSS version 0.18-a0-1372-gd644665 (webtiles) character file.

18376 Kidiri the Tortoise (level 12, -10/113 HPs)
             Began as a Minotaur Fighter on Feb 22, 2016.
             Was a High Priest of Okawaru.
             Mangled by a vampire knight
             ... wielding a +0 battleaxe
              (14 damage)
             ... in the Dungeon (Sprint IX: "|||||||||||||||||||||||||||||").
             The game lasted 00:16:36 (2460 turns).

Kidiri the Tortoise (Minotaur Fighter)              Turns: 2460, Time: 00:16:36

Health: -10/113    AC: 33    Str: 22    XL:     12   Next: 27%
Magic:  13/18      EV: 14    Int:  3    God:    Okawaru [*****.]
Gold:   1902       SH: 14    Dex: 12    Spells: 0 memorised, 11 levels left

rFire  . . .     SeeInvis .     p - +4 morningstar (protect)
rCold  . . .     Gourm    .     M - +2 plate armour
rNeg   . . .     Faith    .     c - +0 shield
rPois  .         Spirit   .     (helmet restricted)
rElec  .         Dismiss  .     t - +2 cloak {+Inv}
rCorr  .         Reflect  .     q - +0 pair of gloves
SustAt .         Harm     .     a - +0 pair of boots
MR     .....     NoTele   +     (no amulet)
Stlth  ..........               s - +2 ring of evasion
                                b - +2 ring of protection

@: finesse, very slightly contaminated, not resistant to hostile enchantments,
extremely unstealthy
A: retaliatory headbutt, horns 2, dopey 1, weak 1
a: Heroism, Finesse, Renounce Religion, Evoke Invisibility


You were in the Dungeon.
You worshipped Okawaru.
Okawaru was extremely pleased with you.
You were hungry.

You visited 1 branch You collected 1902 gold pieces.

Inventory:

Hand Weapons
 l - a +1 mace of holy wrath
 p - a +4 morningstar of protection (weapon)
Missiles
 r - 8 tomahawks (quivered)
 w - 14 curare-tipped needles
 y - 5 needles of confusion
 I - 6 needles of slowing
Armour
 a - a +0 pair of boots (worn)
 c - a +0 shield (worn)
 q - a +0 pair of gloves (worn)
 t - a +2 cloak of invisibility (worn)
 F - a +3 chain mail
 L - the +1 scale mail of Starshine {rElec rF++ MR+ Int-4}
   (You found it in the Dungeon)

   It affects your intelligence (-4).
   It greatly protects you from fire.
   It insulates you from electricity.
   It affects your resistance to hostile enchantments.
 M - a +2 plate armour (worn)
Jewellery
 b - a +2 ring of protection (left hand)
 s - a +2 ring of evasion (right hand)
 G - an uncursed ring of protection from fire
 H - an uncursed ring of protection from cold
 J - an uncursed ring of protection from fire
Wands
 o - a wand of lightning (5/15)
Scrolls
 k - a scroll of blinking
 m - 6 scrolls of remove curse
 n - 2 scrolls of amnesia
 x - a scroll of fear
 z - 4 scrolls of recharging
 A - a scroll of identify
Potions
 d - 2 potions of brilliance
 e - 2 potions of curing
 h - 3 potions of haste
 i - 3 potions of magic
 j - a potion of invisibility
 u - a potion of berserk rage
 D - a potion of flight
Comestibles
 f - 14 bread rations
 B - 39 fruits
 C - 12 meat rations
 K - 6 chunks of flesh


   Skills:
 + Level 12.4 Fighting
 * Level 16.2 Maces & Flails
 + Level 10.1 Throwing
 * Level 16.3 Armour
 + Level 11.0 Dodging
 * Level 16.3 Shields
 + Level 9.5 Invocations
 + Level 7.0 Evocations


You had 11 spell levels left.
You didn't know any spells.

Dungeon Overview and Level Annotations

Branches:
Dungeon (1/1)

Altars:
Cheibriados
Dithmenos
Elyvilon
Fedhas
Gozag
Kikubaaqudgha
Makhleb
Nemelex Xobeh
Okawaru
Pakellas
Qazlal
Ru
Sif Muna
Trog
Vehumet
Xom
Yredelemnul
Zin
The Shining One
Beogh
Jiyva
Lugonu

Shops:
D (}?}


Innate Abilities, Weirdness & Mutations

You reflexively headbutt those who attack you in melee.
You have a pair of horns on your head.
You are dopey. (Int -2)
You are weak. (Str -2)


Message History

Unknown command.
Read which item? (? for menu, Esc to quit)
Blink to where?
Press: ? - help, Dir - move target cursor You are very lightly contaminated with residual magic.
As you read the scroll of blinking, it crumbles to dust.
You close the door.
Something unseen opens the door.
You hit something but do no damage. You headbutt something.
You block something's attack. Something bites you but does no damage.
You closely miss something. You headbutt something. You puncture something!
You headbutt something.
Unknown command.
Unknown command.
Drink which item? (? for menu, Esc to quit)
It has a very clean taste.
You feel a little more calm.
You regain control of your magic.
Something hits you but does no damage. You block something's attack.
Something hits you!
You die...

▓[▓.▓)▓.▓.▓.▓_▓
▓[▓.▓)▓.▓÷▓.▓_▓
▓.▓.▓)▓.▓.▓.▓_▓
▓.▓.▓)▓.▓.▓.▓_▓
▓.▓.▓)▓.▓%▓.▓_▓
▓.▓.▓)▓.▓.▓.▓_▓
▓.▓.▓.▓.▓.▓.▓_▓
▓.▓.▓.▓.▓.▓.▓_▓
▓@▓.▓.▓.▓.▓.▓_▓
▓.▓.▓.▓.▓.▓.▓'▓
▓.▓.▓'▓.▓.▓.▓.▓
▓[▓.▓[▓.▓'▓.▓.▓
▓'▓.▓)▓.▓.▓.▓|▓
▓(▓.▓)▓.▓.▓.▓)▓
▓)▓.▓)▓.▓.▓.▓.▓
▓(▓.▓.▓.▓.▓.▓.▓
▓)▓.▓∩▓.▓.▓.▓[▓


There were no monsters in sight!

Vanquished Creatures
  2 stone giants (D)
  An ice dragon (D)
  Erica (D)
  2 centaur warriors (D)
  A tengu warrior (D)
  4 orc high priests (D)
  A giant orange brain (D)
  4 orc knights (D)
  2 hill giants (D)
  A deep elf mage (D)
  An orc sorcerer (D)
  An ugly thing (D)
  A griffon (D)
  Maurice (D)
  A gargoyle (D)
  A yaktaur (shapeshifter) (D)
  A fire drake (D)
  An efreet (D)
  A blink frog (D)
  A slime creature (D)
  2 yaks (D)
  A basilisk (D)
  A hippogriff (D)
  A vampire mosquito (D)
  6 wolves (D)
  2 wargs (D)
  2 water moccasins (D)
  A hell hound (D)
  2 porcupines (D)
  11 orc warriors (D)
  A black bear (D)
  An ogre (D)
  A centaur (D)
  3 crocodiles (D)
  4 giant frogs (D)
  A jelly (D)
  A hound (D)
  5 orc priests (D)
  2 orc wizards (D)
  3 iguanas (D)
  An adder skeleton (D)
  13 orcs (D)
  A bat zombie (D)
  A goblin (D)
  A jackal (D)
  A bat (D)
  A giant newt (D)
  3 rats (D)
102 creatures vanquished.

Notes
Turn   | Place    | Note
--------------------------------------------------------------
     0 | D        | Kidiri the Minotaur Fighter began the quest for the Orb.
     0 | D        | Reached XP level 1. HP: 19/19 MP: 0/0
    13 | D        | Reached skill level 4 in Shields
    97 | D        | Noticed a centaur
    97 | D        | Noticed an ogre
   117 | D        | Killed a centaur
   117 | D        | Reached skill level 5 in Fighting
   117 | D        | Reached skill level 5 in Maces & Flails
   117 | D        | Reached skill level 5 in Armour
   117 | D        | Reached skill level 5 in Shields
   117 | D        | Reached XP level 2. HP: 20/29 MP: 1/1
   117 | D        | Reached XP level 3. HP: 25/36 MP: 2/2
   117 | D        | Reached XP level 4. HP: 29/42 MP: 3/3
   119 | D        | Killed an ogre
   119 | D        | Reached skill level 6 in Maces & Flails
   119 | D        | Reached skill level 7 in Shields
   119 | D        | Reached XP level 5. HP: 34/50 MP: 4/4
   130 | D        | Found a glowing silver altar of Zin.
   130 | D        | Found a glowing golden altar of the Shining One.
   130 | D        | Found an ancient bone altar of Kikubaaqudgha.
   130 | D        | Found a basalt altar of Yredelemnul.
   130 | D        | Found a shimmering altar of Xom.
   130 | D        | Found a radiant altar of Vehumet.
   131 | D        | Found an iron altar of Okawaru.
   132 | D        | Found a burning altar of Makhleb.
   133 | D        | Found a deep blue altar of Sif Muna.
   134 | D        | Found a bloodstained altar of Trog.
   135 | D        | Found a sparkling altar of Nemelex Xobeh.
   136 | D        | Found a white marble altar of Elyvilon.
   137 | D        | Found a roughly hewn altar of Beogh.
   138 | D        | Found a viscous altar of Jiyva.
   139 | D        | Became a worshipper of Warmaster Okawaru
   140 | D        | Found a corrupted altar of Lugonu.
   141 | D        | Found a blossoming altar of Fedhas.
   142 | D        | Found a snail-covered altar of Cheibriados.
   143 | D        | Found a shadowy altar of Dithmenos.
   144 | D        | Found a stormy altar of Qazlal.
   145 | D        | Found an opulent altar of Gozag.
   146 | D        | Found a sacrificial altar of Ru.
   147 | D        | Found an oddly glowing altar of Pakellas.
   292 | D        | Noticed a yak
   292 | D        | Noticed a hill giant
   292 | D        | Noticed a black bear
   298 | D        | Killed a yak
   298 | D        | Reached skill level 8 in Armour
   298 | D        | Reached XP level 6. HP: 45/58 MP: 4/6
   301 | D        | Killed a hill giant
   301 | D        | Reached * piety under Okawaru
   301 | D        | Reached ** piety under Okawaru
   301 | D        | Reached skill level 9 in Maces & Flails
   301 | D        | Reached skill level 5 in Throwing
   301 | D        | Reached skill level 5 in Dodging
   301 | D        | Reached XP level 7. HP: 50/66 MP: 4/8
   311 | D        | Reached skill level 10 in Armour
   311 | D        | Reached skill level 10 in Shields
   324 | D        | Noticed an efreet
   324 | D        | Noticed a gargoyle
   324 | D        | Noticed a hippogriff
   324 | D        | Noticed a vampire mosquito
   330 | D        | Killed an efreet
   330 | D        | Reached skill level 10 in Maces & Flails
   330 | D        | Reached XP level 8. HP: 47/74 MP: 5/10
   336 | D        | Killed a gargoyle
   340 | D        | Reached skill level 11 in Shields
   347 | D        | Reached *** piety under Okawaru
   347 | D        | Reached skill level 5 in Invocations
   392 | D        | Noticed Maurice
   401 | D        | Killed Maurice
   401 | D        | Reached XP level 9. HP: 64/82 MP: 8/12
   636 | D        | Reached skill level 1 in Evocations
   642 | D        | Reached skill level 12 in Armour
   652 | D        | Reached **** piety under Okawaru
   670 | D        | Noticed a fire drake
   702 | D        | Killed a fire drake
   702 | D        | Received a gift from Okawaru
   792 | D        | Reached XP level 10. HP: 93/93 MP: 11/13
   794 | D        | Received a gift from Okawaru
   798 | D        | Reached skill level 10 in Fighting
   798 | D        | Reached skill level 13 in Shields
   920 | D        | Noticed an orc knight
   934 | D        | Killed an orc knight
   934 | D        | Reached ***** piety under Okawaru
  1359 | D        | Noticed an orc knight
  1382 | D        | Killed an orc knight
  1416 | D        | Received a gift from Okawaru
  1620 | D        | Found Hotuisot's Weapon Emporium.
  1620 | D        | Noticed an orc knight
  1622 | D        | Noticed an orc high priest
  1624 | D        | Noticed a rust devil
  1624 | D        | Found Weda's Gadget Shoppe.
  1645 | D        | Killed an orc knight
  1645 | D        | Reached skill level 14 in Armour
  1646 | D        | Noticed a sixfirhy
  1654 | D        | Found Vedad's Magic Scroll Emporium.
  1664 | D        | Killed an orc high priest
  1664 | D        | Reached XP level 11. HP: 66/101 MP: 9/15
  1666 | D        | Noticed an orc sorcerer
  1666 | D        | Found Adepuyhy's Gadget Shoppe.
  1670 | D        | Noticed an orc high priest
  1674 | D        | Noticed an orc high priest
  1675 | D        | Noticed a sun demon
  1677 | D        | Killed an orc sorcerer
  1677 | D        | Reached skill level 5 in Evocations
  1678 | D        | Noticed an orc high priest
  1679 | D        | Noticed an orc knight
  1681 | D        | Killed an orc high priest
  1702 | D        | Killed an orc high priest
  1702 | D        | Received a gift from Okawaru
  1710 | D        | Killed an orc high priest
  1716 | D        | Killed an orc knight
  2047 | D        | Noticed Erica
  2058 | D        | Killed Erica
  2058 | D        | Reached skill level 10 in Dodging
  2058 | D        | Reached skill level 15 in Shields
  2148 | D        | Got the +1 scale mail of Starshine {rElec rF++ MR+ Int-4}
  2205 | D        | Noticed a griffon
  2205 | D        | Noticed a red ugly thing
  2205 | D        | Noticed a deep elf mage
  2205 | D        | Noticed a tengu warrior
  2212 | D        | Killed a griffon
  2212 | D        | Reached skill level 15 in Armour
  2216 | D        | Noticed a hill giant
  2221 | D        | Noticed a stone giant
  2223 | D        | Killed a red ugly thing
  2223 | D        | Reached skill level 15 in Maces & Flails
  2224 | D        | Noticed a centaur warrior
  2229 | D        | Noticed an ice dragon
  2235 | D        | Killed a deep elf mage
  2244 | D        | Killed a tengu warrior
  2244 | D        | Received a gift from Okawaru
  2254 | D        | Killed a stone giant
  2255 | D        | Noticed a giant orange brain
  2261 | D        | Killed a hill giant
  2276 | D        | Killed a centaur warrior
  2276 | D        | Received a gift from Okawaru
  2304 | D        | Killed an ice dragon
  2304 | D        | Reached XP level 12. HP: 45/112 MP: 11/17
  2322 | D        | Reached skill level 16 in Shields
  2334 | D        | Reached skill level 10 in Throwing
  2353 | D        | Gained mutation: You are weak. (Str -2) [mutagenic meat]
  2354 | D        | Gained mutation: You tend to lose your temper in combat. [mutagenic meat]
  2355 | D        | Gained mutation: You are dopey. (Int -2) [mutagenic meat]
  2356 | D        | Gained mutation: Your spells are a little harder to cast, but a little more powerful. [mutagenic meat]
  2370 | D        | Noticed a stone giant
  2371 | D        | Noticed a centaur warrior
  2393 | D        | Killed a stone giant
  2400 | D        | Killed a centaur warrior
  2403 | D        | Noticed a vampire knight
  2411 | D        | Paralysed by a vampire knight for 6 turns
  2422 | D        | Paralysed by something for 7 turns
  2450 | D        | HP: 2/113 [something (11)]
  2460 | D        | Lost mutation: You tend to lose your temper in combat. [potion of cure mutation]
  2460 | D        | Lost mutation: Your spells are a little harder to cast, but a little more powerful. [potion of cure mutation]
  2460 | D        | Mangled by a vampire knight

Vault maps used:
D:        linesprint

Action                   |  1- 3 |  4- 6 |  7- 9 | 10-12 || total
-------------------------+-------+-------+-------+-------++-------
Melee: Flail             |    28 |     4 |       |       ||    32
       Morningstar       |       |     8 |   115 |   306 ||   429
Throw: Tomahawk          |       |       |       |     1 ||     1
Invok: Heroism           |       |       |     5 |    10 ||    15
       Finesse           |       |       |       |    10 ||    10
Evoke: Wand              |       |       |       |     2 ||     2
  Use: Potion            |     1 |     1 |     1 |    14 ||    17
       Scroll            |       |       |     3 |     2 ||     5
  Eat: Chunk             |       |       |     1 |    10 ||    11
       Fruit             |       |       |       |     1 ||     1
